 Dungeon Crawl Stone Soup version 0.19.0-18-g426998a (webtiles) character file.

1109 Andry07 the Protected (level 8, -8/50 HPs)
             Began as a Gargoyle Fighter on Nov 11, 2016.
             Mangled by an orc warrior
             ... wielding a +0 halberd
              (16 damage)
             ... on level 6 of the Dungeon.
             The game lasted 00:08:59 (4579 turns).

Andry07 the Protected (Gargoyle Fighter)            Turns: 4579, Time: 00:08:59

Health: -8/50      AC: 15    Str: 22    XL:     8   Next: 33%
Magic:  8/8        EV:  7    Int: 11    God:
Gold:   56         SH:  9    Dex: 10    Spells: 0 memorised, 7 levels left

rFire  . . .     SeeInvis .     a - +0 war axe
rCold  . . .     Gourm    .     n - +0 scale mail
rNeg   + . .     Faith    .     c - +0 shield
rPois  ∞         Spirit   .     (no helmet)
rElec  +         Reflect  .     (no cloak)
rCorr  .         Harm     .     (no gloves)
MR     .....                    m - +0 pair of boots
Stlth  ..........               k - amulet of regeneration
                                (no ring)
                                C - +3 ring of intelligence

@: drained
A: rugged brown scales 1, frail 1, negative energy resistance 1, electricity
resistance, unbreathing, petrification resistance, rot immunity, AC +5
a: no special abilities


You were on level 6 of the Dungeon.
You were near starving.

You visited 2 branches of the dungeon, and saw 7 of its levels.

You collected 385 gold pieces.
You spent 329 gold pieces at shops.

Inventory:

Hand Weapons
 a - a +0 war axe (weapon)
Armour
 c - a +0 shield (worn)
 m - a +0 pair of boots (worn)
 n - a +0 scale mail (worn)
Jewellery
 k - an amulet of regeneration (around neck)
 u - an uncursed ring of fire {unknown}
 v - a +2 ring of evasion
 C - a +3 ring of intelligence (left hand)
Wands
 s - a wand of slowing (23/48)
 F - a wand of paralysis (7/24)
 I - a wand of acid (9/15)
Scrolls
 b - a scroll of identify
 g - 2 scrolls of enchant armour
 h - 6 scrolls of remove curse
 l - 3 scrolls of teleportation
 w - a scroll of recharging {unknown}
 x - a scroll of magic mapping {unknown}
 y - 2 scrolls of immolation
 G - 4 scrolls of amnesia
 H - 4 scrolls of noise
 J - a scroll of enchant weapon {unknown}
Potions
 d - a potion of might
 e - a potion of heal wounds {unknown}
 i - 5 potions of curing
 j - 2 potions of haste
 p - a potion of ambrosia {unknown}
 q - 2 potions of magic {unknown}
 t - a potion of mutation {unknown}
 z - a potion of brilliance {unknown}
 D - 2 potions of lignification
 L - a potion of resistance
Books
 A - a book of Changes

   Spells                             Type                      Level
   a - Beastly Appendage              Transmutation                1
   b - Sticks to Snakes               Transmutation                2
   c - Spider Form                    Transmutation/Poison         3
   d - Ice Form                       Ice/Transmutation            4
   e - Blade Hands                    Transmutation                5
 K - a book of Conjurations

   Spells                             Type                      Level
   a - Magic Dart                     Conjuration                  1
   b - Searing Ray                    Conjuration                  2
   c - Dazzling Spray                 Conjuration/Hexes            3
   d - Fulminant Prism                Conjuration/Hexes            4
   e - Iskenderun's Mystic Blast      Conjuration                  4
   f - Iskenderun's Battlesphere      Conjuration/Charms           5
Comestibles
 f - 6 bread rations
 o - a slice of pizza
 r - 6 meat rations
 B - 4 royal jellies
 E - 2 fruits


   Skills:
 - Level 8.0(7.4) Fighting
 - Level 1.7(1.2) Axes
 + Level 8.2(7.7) Armour
 - Level 3.2(2.7) Shields


You had 7 spell levels left.
You didn't know any spells.

Dungeon Overview and Level Annotations

Branches:
Dungeon (6/15)             Temple (1/1) D:6

Altars:
Ashenzari
Cheibriados
Dithmenos
Elyvilon
Fedhas
Gozag
Hepliaklqana
Kikubaaqudgha
Nemelex Xobeh
Qazlal
Ru
Sif Muna
Trog
Uskayaw
Vehumet
Xom
Yredelemnul
Zin
The Shining One

Shops:
D:4 %   D:5 ?   D:6 }

Annotations:
D:4 Menkaure
D:6 1 runed door


Innate Abilities, Weirdness & Mutations

You are resistant to torment.
Your stone body is resilient. (AC +5)
You are immune to poison.
You resist negative energy. (rN+)
You are resistant to electric shocks. (rElec)
You can survive without breathing.
You are immune to petrification.
You are immune to rotting.
You are partially covered in rugged brown scales. (AC +1, +3% HP)
You are frail. (-10% HP)


Message History

The orc warrior is severely wounded.
You closely miss the orc. You block the orc's attack.
The orc warrior hits you but does no damage.
The orc hits you but does no damage.
Unknown command.
You hit the orc warrior but do no damage.
The orc warrior is severely wounded.
You slash the orc!
You kill the orc!
The orc warrior hits you with a halberd!
You closely miss the orc warrior.
The orc warrior is severely wounded.
The orc warrior hits you but does no damage.
The orc warrior hits you with a halberd!
* * * LOW HITPOINT WARNING * * *
Unknown command.
You hit the orc warrior but do no damage.
The orc warrior is severely wounded.
The orc warrior hits you with a halberd!
You die...

#####...### #...).#
##'## ##.###.# #.# #..#
#.# #.# #..###.# ##.##
#......# ##...####
#.###### ####.......#
#...# .........##.#
#.#.### ........#@#
#####.....#
#.##.%...)o)...........#
# ##......#.####..._..#
##.∩.###.# ##.....#
##..# # #.....# #..#
####.## ... #..# ###.#
##.## #.# #..#


You could see an orc warrior.

Vanquished Creatures
  Prince Ribbit (D:5)
  A sky beast (D:4)
  An ogre (D:5)
  2 centaurs (D:5)
  A bullfrog (D:6)
  2 scorpions
  A crimson imp (D:6)
  A bullfrog zombie (D:5)
  A centaur zombie (D:5)
  A hound (D:6)
  A jelly (D:5)
  An iguana (D:4)
  An orc wizard (D:5)
  3 worker ants (D:4)
  A hound skeleton (D:4)
  5 adders
  A shadow imp (D:5)
  3 worms
  3 dart slugs (D:1)
  2 leopard geckos
  8 orcs
  7 bats
  2 giant cockroaches
  4 goblins
  8 hobgoblins
  14 jackals
  3 kobolds
  A quokka (D:2)
  A ball python (D:4)
  3 frilled lizards
  A leopard gecko zombie (D:5)
  5 rats
90 creatures vanquished.

Notes
Turn   | Place    | Note
-------+----------+-------------------------------------------
     0 | D:1      | Andry07 the Gargoyle Fighter began the quest for the Orb.
     0 | D:1      | Reached XP level 1. HP: 14/14 MP: 1/1
   148 | D:1      | Reached XP level 2. HP: 17/20 MP: 2/2
   533 | D:1      | Reached XP level 3. HP: 24/24 MP: 3/3
  1282 | D:2      | Reached skill level 5 in Fighting
  1592 | D:3      | Reached XP level 4. HP: 31/31 MP: 4/4
  1781 | D:3      | Found a stormy altar of Qazlal.
  2045 | D:3      | Found a shattered altar of Ashenzari.
  2110 | D:3      | Found a bloodstained altar of Trog.
  2668 | D:4      | Reached XP level 5. HP: 28/36 MP: 5/5
  2755 | D:4      | Found Aviloew's Food Shoppe.
  2782 | D:4      | Bought a meat ration for 60 gold pieces
  2782 | D:4      | Bought a meat ration for 60 gold pieces
  2782 | D:4      | Bought a royal jelly for 24 gold pieces
  2782 | D:4      | Bought a royal jelly for 24 gold pieces
  2799 | D:4      | Noticed a sky beast
  2802 | D:4      | Reached XP level 6. HP: 44/44 MP: 6/6
  2835 | D:4      | Killed a sky beast
  2843 | D:4      | Gained mutation: You are frail. (-10% HP) [mutagenic meat]
  2844 | D:4      | Gained mutation: You are partially covered in rugged brown scales. (AC +1, +3% HP) [mutagenic meat]
  2865 | D:4      | Noticed Menkaure
  2880 | D:5      | Entered Level 5 of the Dungeon
  3011 | D:5      | Found a basalt altar of Yredelemnul.
  3052 | D:5      | Reached XP level 7. HP: 39/45 MP: 7/7
  3102 | D:5      | Found a white marble altar of Elyvilon.
  3275 | D:5      | Reached skill level 5 in Armour
  3365 | D:5      | Noticed Prince Ribbit
  3443 | D:5      | Killed Prince Ribbit
  3452 | D:5      | Found Med Zixt's Magic Scroll Emporium.
  3463 | D:5      | Bought a scroll of identify for 28 gold pieces
  3463 | D:5      | Bought a scroll of remove curse for 42 gold pieces
  3473 | D:5      | Bought a scroll of teleportation for 42 gold pieces
  3473 | D:5      | Bought a scroll of amnesia for 49 gold pieces
  3615 | D:5      | Reached XP level 8. HP: 50/50 MP: 8/8
  3730 | D:5      | Found an opulent altar of Gozag.
  3731 | D:5      | Found a glowing silver altar of Zin.
  3932 | D:6      | Found a staircase to the Ecumenical Temple.
  3940 | Temple   | Entered the Ecumenical Temple
  4293 | D:6      | Found a runed door.
  4489 | D:6      | Found a shattered altar of Ashenzari.
  4561 | D:6      | Found Dizo's Gadget Boutique.
  4579 | D:6      | Mangled by an orc warrior

Skill      XL: |  1  2  3  4  5  6  7  8 |
---------------+-------------------------+-----
Fighting       | 4 5 6 7 8 |  8.0
Armour         | 4 6 8 |  8.2
Axes           | |  1.7
Shields        | |  3.2

Action                   |  1- 3 |  4- 6 |  7- 9 || total
-------------------------+-------+-------+-------++-------
Melee: War axe           |   117 |   136 |   135 ||   388
  Use: Scroll            |       |       |     9 ||     9
  Eat: Chunk             |     2 |     7 |     3 ||    12
       Fruit             |       |       |     1 ||     1
Armor: Scale mail        |    62 |    86 |    82 ||   230
Dodge: Dodged            |    45 |    57 |    54 ||   156
Block: Shield            |    82 |    79 |    76 ||   237
